 Dungeon Crawl Stone Soup version 0.28-a0-863-g8cecda6153 (webtiles) character file.

Game seed: 319976470372477688

314 mcbry74 the Chiller (level 6, -2/41 HPs)
             Began as a Merfolk Ice Elementalist on Nov 18, 2021.
             Slain by Pikel (7 damage)
             ... on level 4 of the Dungeon.
             The game lasted 00:40:22 (5802 turns).

mcbry74 the Chiller (Merfolk Ice Elementalist)      Turns: 5802, Time: 00:40:24

Health: -2/41      AC:  2    Str:  9    XL:     6   Next: 43%
Magic:  3/10       EV: 12    Int: 16    God:
Gold:   229        SH:  0    Dex: 14    Spells: 1/11 levels left

rFire   . . .      SeeInvis .   g - +0 spear
rCold   . . .      Faith    .   (no shield)
rNeg    . . .      Spirit   .   a - +0 robe
rPois   .          Reflect  .   (no helmet)
rElec   .          Harm     .   (no cloak)
rCorr   .          Rampage  .   (no gloves)
Will    .....                   (no boots)
Stlth   ++........              (no amulet)
HPRegen 0.13/turn               (no ring)
MPRegen 0.12/turn               (no ring)

@: no status effects
A: (nimble swimmer 2), mertail
a: no special abilities


You were on level 4 of the Dungeon.
You visited 1 branch of the dungeon, and saw 5 of its levels.

You collected 229 gold pieces.

Inventory:

Hand Weapons
 c - a +0 short sword
 e - a +0 dagger
 g - a +0 spear (weapon)
 n - a +1 dagger of flaming
 z - a +2 vampiric dagger
Missiles
 m - 4 javelins
 p - 162 stones
 B - 12 poisoned darts (quivered)
 C - 2 boomerangs
Armour
 a - a +0 robe (worn)
Jewellery
 s - a +4 ring of protection
 y - an amulet of guardian spirit
 A - a +6 ring of intelligence
Wands
 t - a wand of mindburst (6)
 v - a wand of acid (5)
Scrolls
 b - 2 scrolls of acquirement
 d - a scroll of holy word {unknown}
 h - a scroll of fear {unknown}
 k - a scroll of noise
 l - a scroll of amnesia {unknown}
 o - a scroll of blinking {unknown}
 x - a scroll of teleportation {unknown}
Potions
 f - a potion of curing
 i - a potion of attraction
 j - a potion of cancellation {unknown}
 q - a potion of invisibility {unknown}
 r - 4 potions of degeneration {unknown}
 u - a potion of berserk rage {unknown}
 w - a potion of resistance {unknown}
 D - a potion of lignification {unknown}


   Skills:
 - Level 0.7 Short Blades
 * Level 4.4 Polearms
 + Level 1.9 Throwing
 - Level 2.6 Dodging
 - Level 2.1 Stealth
 + Level 3.3 Spellcasting
 + Level 0.0 Conjurations
 + Level 5.5 Ice Magic
 + Level 0.8 Air Magic
 + Level 1.2 Poison Magic


You had one spell level left.
You knew the following spells:

 Your Spells              Type           Power      Damage    Failure   Level
a - Freeze                Ice            80%        1d9       1%          1
b - Ozocubu's Armour      Ice            20%        N/A       5%          3
c - Hailstorm             Conj/Ice       11%        3d5       50%         4
d - Poisonous Vapours     Pois/Air       12%        N/A       19%         2

Your spell library contained the following spells:

 Spells                   Type           Power      Damage    Failure   Level
 Sting                    Tmut/Pois      16%        1d3       14%         1
 Frozen Ramparts          Ice            40%        1d6       5%          3
 Static Discharge         Conj/Air       4%         N/A       22%         2
 Olgreb's Toxic Radiance  Pois           6%         N/A       71%         4
 Lightning Bolt           Conj/Air       2%         1d13      99%         5
 Maxwell's Capacitive Co  Air            2%         ∞         100%        8


Dungeon Overview and Level Annotations

Branches:
Dungeon (5/15)             Temple (0/1) D:4

Altars:
Hepliaklqana
Trog
Wu Jian

Annotations:
D:4 Edmund, Menkaure, Pikel


Innate Abilities, Weirdness & Mutations

((You are quick and stealthy near water. (Stealth+, EV+, Speed+++)))
Your lower body shifts to a powerful aquatic tail in water.


Message History

You freeze Pikel!
Pikel is heavily wounded.
Pikel misses you.
Casting: Freeze (safe; 1% risk of failure)
Confirm with . or Enter, or press ? or * to list all spells.
Aiming: Freeze (safe; 1% risk of failure)
Press: ? - help, Shift-Dir - straight line, f/p - Pikel
Aim: Pikel, wielding a +0 whip of electrocution and wearing a +0 robe (heavily wounded)
You freeze Pikel.
Pikel is heavily wounded.
The lemure shouts!
Pikel hits you with a +0 whip of electrocution.
An ice beast comes into view.
The lemure misses you. Pikel waves his whip at you.
Pikel hits you with a +0 whip of electrocution.
You are electrocuted!
The lemure closely misses you.
You climb upwards.
Level annotation: Edmund, Menkaure
There is a stone staircase leading down here.
Casting: Freeze (safe; 1% risk of failure)
Confirm with . or Enter, or press ? or * to list all spells.
Aiming: Freeze (safe; 1% risk of failure)
Press: ? - help, Shift-Dir - straight line, f - Pikel
Aim: Pikel, wielding a +0 whip of electrocution and wearing a +0 robe (heavily wounded)
You freeze Pikel!
Pikel is severely wounded.
Pikel hits you with a +0 whip of electrocution!
* * * LOW HITPOINT WARNING * * *
The lemure hits you.
* * * LOW HITPOINT WARNING * * *
Casting: Freeze (safe; 1% risk of failure)
Confirm with . or Enter, or press ? or * to list all spells.
Aiming: Freeze (safe; 1% risk of failure)
Press: ? - help, Shift-Dir - straight line, f/p - Pikel
Aim: Pikel, wielding a +0 whip of electrocution and wearing a +0 robe (severely wounded)
You freeze Pikel.
Pikel is almost dead.
Pikel hits you with a +0 whip of electrocution!
You die...

#.##.#
#.#.#.###..######## #
...#.# ............# #
.....########.#..##..#.#
.........#.>.##W# ###


You could see Pikel and a lemure.

Vanquished Creatures
  A jelly (D:3)
  A centaur skeleton (D:4)
  An orc priest (D:3)
  A hound (D:4)
  3 gnolls
  8 adders
  A worm (D:3)
  2 dart slugs (D:2)
  2 orcs
  5 bats
  4 endoplasms
  4 giant cockroaches
  9 goblins
  9 hobgoblins
  2 jackals (D:4)
  7 kobolds
  8 quokkas
  12 ball pythons
  A frilled lizard (D:2)
  7 rats
88 creatures vanquished.

Notes
Turn   | Place    | Note
-------+----------+-------------------------------------------
     0 | D:1      | mcbry74 the Merfolk Ice Elementalist began the quest for
                  | the Orb.
     0 | D:1      | Reached XP level 1. HP: 13/13 MP: 3/3
   292 | D:1      | Reached XP level 2. HP: 18/19 MP: 0/5
  1201 | D:1      | Reached XP level 3. HP: 24/24 MP: 2/6
  1281 | D:2      | Learned a level 3 spell: Ozocubu's Armour
  1468 | D:2      | Reached skill level 1 in Polearms
  1513 | D:2      | Reached skill level 5 in Ice Magic
  2084 | D:2      | Reached XP level 4. HP: 27/30 MP: 3/8
  2210 | D:2      | Found a faded altar of an unknown god.
  2818 | D:3      | Learned a level 4 spell: Hailstorm
  3013 | D:3      | Reached skill level 1 in Throwing
  3013 | D:3      | Reached XP level 5. HP: 24/35 MP: 5/9
  3132 | D:3      | Learned a level 2 spell: Poisonous Vapours
  3524 | D:3      | Found a bloodstained altar of Trog.
  3949 | D:4      | Found a staircase to the Ecumenical Temple.
  4051 | D:5      | Entered Level 5 of the Dungeon
  4051 | D:5      | Noticed Pikel
  4051 | D:5      | Noticed a lemure
  4052 | D:5      | Noticed a lemure
  4052 | D:5      | Noticed a lemure
  4094 | D:4      | Reached skill level 1 in Poison Magic
  4094 | D:4      | Reached XP level 6. HP: 34/41 MP: 5/10
  4798 | D:4      | Found an ornate altar of the Wu Jian Council.
  5086 | D:4      | Found a hazy altar of Hepliaklqana.
  5087 | D:4      | Noticed Edmund
  5628 | D:4      | Noticed Menkaure
  5629 | D:4      | Identified 2 scrolls of acquirement
  5798 | D:5      | Noticed an ice beast
  5802 | D:4      | Slain by Pikel

Illustrated notes

Levels and vault maps discovered:
D:1:      saegor_arrival_simple_e, layout_basic
D:2:      layout_loops_ring, ebering_ecumenical_altar_rust
D:3:      layout_basic, trog_three_pillars_becter
D:4:      layout_loops_ring, beargit_hepliaklqana_dungeon_heroes,
          nzn_wu_jian_contemplation, minmay_temple_entry_from_below_a,
          kennysheep_boxes, uniq_menkaure
D:5:      layout_rooms, fedhas_altar_1, tso_metal_star,
          nicolae_dithmenos_shadow_blocks, uniq_pikel

Skill      XL: |  1  2  3  4  5  6 |
---------------+-------------------+-----
Polearms       | 1 3 4 |  4.4
Ice Magic      | 5 |  5.5
Spellcasting   | 3 |  3.3
Throwing       | 1 |  1.9
Poison Magic   | 1 |  1.2
Short Blades   | |  0.7
Dodging        | |  2.6
Stealth        | |  2.1
Air Magic      | |  0.8

Action                   |  1- 3 |  4- 6 || total
-------------------------+-------+-------++-------
Melee: Unarmed           |     4 |       ||     4
       Dagger            |    23 |       ||    23
       Short sword       |     7 |       ||     7
       Spear             |    44 |    86 ||   130
Throw: Stone             |    11 |    17 ||    28
       Dart              |       |     3 ||     3
 Cast: Freeze            |    38 |    71 ||   109
       Ozocubu's Armour  |     2 |     1 ||     3
       Poisonous Vapours |       |    11 ||    11
  Use: Scroll            |       |     3 ||     3
 Stab: Sleeping          |     2 |     6 ||     8
       Distracted        |       |     1 ||     1
Armor: Robe              |    20 |    21 ||    41
Dodge: Dodged            |    57 |    84 ||   141

Table legend: (Time is in decaauts)
 A = Elapsed time spent in this place.
 B = Non-inter-level travel time spent in this place.
 C = Inter-level travel time spent in this place.
 D = Time resting spent in this place.
 E = Time spent auto-exploring this place.
 F = Levels seen in this place.
 G = Mean time per level.
                   A        B        C        D        E       F      G
               +--------+--------+--------+--------+--------+-----+--------+
         Total |   5774 |   5419 |    355 |   2212 |   1663 |   5 | 1154.8 |
       Dungeon |   5774 |   5419 |    355 |   2212 |   1663 |   5 | 1154.8 |
               +--------+--------+--------+--------+--------+-----+--------+

Top non-repeatable levels by time:
     D:2: 1528 daAuts
     D:3: 1430 daAuts
     D:4: 1428 daAuts
     D:1: 1377 daAuts
     D:5: 9 daAuts
